AoeStats
← Murph0uake

Fortress

508829459Analyzed
3v3 RM · 7d ago on Sep 24, 2026· 74m 21s· 6 players
Game mode
Random Map
Map size
Large (8 player)
Population
200
Speed
Normal
Resources
Standard
Victory
Conquest
Starting age
Dark Age
Ending age
Imperial Age
RankedLock teamsTeams togetherTeam positionsShared explorationLock speedFull tech treeHidden civsTurbo modeCheats
Victory
Defeat
🇬🇧 Varangians · United Kingdom
855
+16
🇦🇹 Tatars · Austria
797
+18
🇨🇴 Byzantines · Colombia
797
+18
🇨🇳 Danes · China
876
-18
🇦🇺 Jurchens · Australia
832
-17
🇨🇳 Magyars · China
832
-17
Murph0uake
6:41 Loom
8:48 Feudal Age
11:34 Wheelbarrow
13:56 Castle Age
11:49 Horse Collar
12:17 Double-Bit Axe
20:19 Bow Saw
22:09 Hand Cart
27:38 Imperial Age
25:45 Forging
25:40 Scale Barding Armor
27:06 Bloodlines
26:56 Husbandry
27:37 Iron Casting
27:35 Squires
27:22 Arson
27:23 Gambesons
28:04 Chain Barding Armor
27:39 Gambesons
28:34 Elite Jarl
30:19 Conscription
29:58 Pikeman
30:41 Scale Mail Armor
31:08 Fortified Wall
32:01 Chemistry
31:16 Halberdier
32:49 Chain Mail Armor
33:36 Town Watch
35:03 Plate Mail Armor
35:48 Blast Furnace
35:54 Plate Barding Armor
38:17 Capped Ram
39:57 Siege Ram
40:12 Elite Varangian Guard
45:57 Ballistics
45:43 Siege Engineers
52:10 Caravan
70:00 Fletching
70:14 Padded Archer Armor
73:02 Bodkin Arrow
73:22 Leather Archer Armor
Bo Binci
6:54 Loom
11:00 Feudal Age
20:27 Castle Age
18:25 Horse Collar
18:32 Double-Bit Axe
18:40 Gold Mining
18:55 Stone Mining
21:53 Bow Saw
21:46 Heavy Plow
22:25 Gold Shaft Mining
30:02 Imperial Age
29:02 Wheelbarrow
28:15 Town Watch
32:14 Conscription
32:29 Hand Cart
33:19 Chemistry
32:40 Ballistics
34:08 Crop Rotation
34:43 Murder Holes
34:28 Treadmill Crane
34:16 Pikeman
35:38 Bloodlines
35:29 Husbandry
36:01 Fletching
36:27 Siege Engineers
36:32 Masonry
37:04 Silk Armor
38:04 Forging
38:00 Scale Barding Armor
37:51 Bodkin Arrow
38:02 Town Patrol
38:14 Fortified Wall
37:53 Elite Keshik
39:26 Masonry
40:47 Bracer
41:23 Iron Casting
41:08 Chain Barding Armor
40:51 Padded Archer Armor
40:52 Scale Mail Armor
44:14 Blast Furnace
44:11 Elite Skirmisher
45:56 Sappers
46:43 Timurid Siegecraft
46:46 Capped Ram
48:10 Heavy Scorpion
48:27 Siege Ram
49:58 Leather Archer Armor
50:19 Plate Barding Armor
51:35 Bombard Tower
51:37 Block Printing
51:47 Illumination
59:19 Fervor
59:10 Atonement
60:05 Caravan
66:46 Ring Archer Armor
65:40 Halberdier
66:21 Squires
66:06 Arson
Fulgur
7:46 Feudal Age
15:12 Castle Age
14:55 Double-Bit Axe
16:02 Forging
15:18 Light Cavalry
16:02 Husbandry
16:28 Horse Collar
16:50 Loom
21:09 Wheelbarrow
25:38 Imperial Age
23:46 Scale Mail Armor
27:46 Capped Ram
28:51 Hand Cart
32:58 Conscription
33:49 Fletching
34:00 Padded Archer Armor
34:36 Iron Casting
34:07 Scale Barding Armor
33:29 Heavy Camel Rider
35:31 Ballistics
36:39 Chemistry
35:38 Bodkin Arrow
35:58 Leather Archer Armor
36:55 Heavy Plow
37:11 Crossbowman
39:13 Chain Barding Armor
38:54 Bracer
39:25 Ring Archer Armor
39:45 Siege Ram
40:08 Cavalier
53:34 Caravan
54:06 Elite Varangian Guard
54:35 Gambesons
54:51 Squires
55:31 Plate Barding Armor
55:31 Thumb Ring
59:40 Chain Mail Armor
59:55 Paladin
60:25 Arbalester
65:59 Plate Mail Armor
Radolf
0:58 Loom
8:07 Feudal Age
9:29 Wheelbarrow
8:40 Town Watch
8:45 Double-Bit Axe
10:41 Fletching
15:11 Castle Age
13:19 Gold Mining
14:59 Bloodlines
16:47 Bow Saw
17:47 Horse Collar
19:31 Heavy Plow
24:18 Ballistics
24:23 Guard Tower
25:38 Fortified Wall
27:30 Scale Barding Armor
27:56 Fortified Bastions
29:10 Murder Holes
29:58 Masonry
32:03 Gold Shaft Mining
33:04 Chain Barding Armor
32:56 Forging
32:42 Bodkin Arrow
37:24 Imperial Age
36:50 Padded Archer Armor
37:27 Iron Casting
38:43 Leather Archer Armor
40:30 Bracer
40:29 Stone Mining
43:40 Gambesons
43:56 Squires
43:41 Arson
45:16 Pikeman
47:10 Scale Mail Armor
48:26 Halberdier
50:50 Chemistry
52:04 Two-Man Saw
51:37 Light Cavalry
52:18 Husbandry
66:29 Conscription
李世民
7:15 Feudal Age
12:56 Castle Age
11:32 Double-Bit Axe
12:08 Horse Collar
12:47 Loom
14:45 Bow Saw
15:11 Heavy Plow
20:23 Wheelbarrow
20:12 Caravan
23:07 Gold Mining
23:07 Stone Mining
23:40 Town Watch
30:06 Imperial Age
29:04 Forging
28:59 Scale Barding Armor
28:55 Scale Mail Armor
28:46 Fletching
28:56 Padded Archer Armor
29:38 Hand Cart
29:23 Town Patrol
31:32 Gold Shaft Mining
30:47 Stone Mining
32:30 Conscription
31:35 Hamask
33:18 Chemistry
32:38 Ballistics
32:24 Siege Engineers
32:30 Squires
32:16 Gambesons
32:16 Arson
31:53 Elite Varangian Guard
32:43 Husbandry
32:54 Bloodlines
32:33 Onager
34:23 Iron Casting
34:03 Chain Mail Armor
34:08 Chain Barding Armor
33:44 Bodkin Arrow
34:04 Leather Archer Armor
34:37 Coinage
34:20 Masonry
34:45 Northmen's Fury
34:56 Siege Onager
35:15 Light Cavalry
37:23 Blast Furnace
36:53 Plate Mail Armor
37:52 Thumb Ring
37:17 Cranequins
37:25 Heavy Mounted Crossbowman
38:17 Bracer
38:43 Murder Holes
38:34 Arrowslits
40:24 Plate Barding Armor
40:21 Ring Archer Armor
39:43 Guard Tower
41:21 Keep
41:32 Elite Jomsviking
43:44 Man-at-Arms
44:50 Long Swordsman
46:18 Two-Handed Swordsman
49:49 Champion
菜鸟驿站
3:38 Loom
8:24 Feudal Age
9:47 Double-Bit Axe
9:46 Horse Collar
13:07 Castle Age
21:30 Gold Mining
26:05 Imperial Age
24:52 Bow Saw
24:55 Scale Barding Armor
25:17 Ballistics
25:04 Murder Holes
25:24 Masonry
25:46 Corvinian Army
26:08 Murder Holes
26:34 Ballistics
28:14 Hoardings
28:07 Thumb Ring
29:23 Conscription
29:45 Chain Barding Armor
31:55 Wheelbarrow
31:59 Elite Magyar Huszar
34:01 Fletching
34:44 Heavy Plow
35:35 Bodkin Arrow
35:44 Padded Archer Armor
37:11 Chemistry
36:53 Parthian Tactics
47:12 Heavy Cavalry Archer
54:14 Two-Man Saw
53:20 Caravan
53:42 Bloodlines
58:39 Recurve Bow
70:16 Siege Engineers
73:28 Padded Archer Armor
Connection lost

Rejoining the realm…

Still unreachable

The connection could not be restored.

Session expired

The server has moved on; the page needs a fresh start.